 Dungeon Crawl Stone Soup version 0.27.1-34-g3ba077fa99 (webtiles) character file.

Game seed: 13651798686717233893

2820 4FPSwarrior the Schismatic (level 9, -1/74 HPs)
             Began as a Demonspawn Abyssal Knight on Jan 4, 2022.
             Was an Elder of Lugonu.
             Slain by an orc warrior (4 damage)
             ... on level 8 of the Dungeon.
             The game lasted 00:27:58 (10053 turns).

4FPSwarrior the Schismatic (DsAK)                  Turns: 10053, Time: 00:28:00

Health: -1/74      AC:  7    Str: 14    XL:     9   Next: 45%
Magic:  17/17      EV: 11    Int: 14    God:    Lugonu [****..]
Gold:   160        SH: 10    Dex: 20    Spells: 19/19 levels left

rFire    + . .     SeeInvis .   a - +1 falchion
rCold    . . .     Faith    .   J - +0 buckler
rNeg     . . .     Spirit   .   b - +0 leather armour
rPois    .         Reflect  +   c - +1 helmet
rElec    .         Harm     .   o - +0 cloak
rCorr    .         Rampage  .   (no gloves)
Will     .....                  (no boots)
Stlth    +.........             g - amulet of reflection
HPRegen  0.22/turn              s - ring of protection from fire
MPRegen  0.15/turn              v - +6 ring of dexterity

@: very slightly contaminated, invisible
A: claws 2, rugged brown scales 1, spiny 2
a: Renounce Religion, Depart the Abyss, Bend Space, Banish, Corrupt


You were on level 8 of the Dungeon.
You worshipped Lugonu.
Lugonu was greatly pleased with you.
You visited 1 branch of the dungeon, and saw 8 of its levels.
You visited the Abyss 1 time.
You also visited: Sewer.

You collected 302 gold pieces.
You spent 142 gold pieces at shops.

Inventory:

Hand Weapons
 a - a +1 falchion (weapon)
 l - a +0 vampiric short sword
 G - a +2 dagger of venom
 I - a +2 hand axe of flaming
Missiles
 C - 26 poisoned darts (quivered)
 L - a throwing net
Armour
 b - a +0 leather armour (worn)
 c - a +1 helmet (worn)
 o - a +0 cloak (worn)
 J - a +0 buckler (worn)
Jewellery
 g - an amulet of reflection (around neck)
 s - a ring of protection from fire (left claw)
 t - a ring of flight
 v - a +6 ring of dexterity (right claw)
Wands
 f - a wand of iceblast (4)
 p - a wand of polymorph (8)
 r - a wand of flame (24)
 x - a wand of mindburst (11)
Scrolls
 d - 2 scrolls of enchant armour
 n - 3 scrolls of blinking {unknown}
 u - 3 scrolls of enchant weapon {unknown}
 w - a scroll of brand weapon {unknown}
 y - a scroll of noise {unknown}
 z - 2 scrolls of fear {unknown}
 B - 2 scrolls of amnesia
Potions
 e - 2 potions of invisibility
 h - 4 potions of haste
 i - a potion of flight {unknown}
 j - 2 potions of heal wounds
 k - 5 potions of curing
 m - 3 potions of lignification
 q - 3 potions of attraction
 A - 2 potions of magic
 D - 2 potions of brilliance {unknown}
 E - 2 potions of might
 F - 2 potions of resistance {unknown}
 H - a potion of ambrosia {unknown}
 K - a potion of degeneration {unknown}


   Skills:
 + Level 7.3 Fighting
 + Level 6.2 Long Blades
 - Level 1.7 Armour
 - Level 0.8 Dodging
 + Level 1.8 Shields
 + Level 5.5 Spellcasting
 + Level 8.4 Invocations


You had 19 spell levels left.
You didn't know any spells.
Your spell library contained the following spells:

 Spells                   Type           Power      Damage    Failure   Level
 Chain Lightning          Conj/Air       1%         3d2       100%        9
 Fire Storm               Conj/Fire      1%         8d1       100%        9


Dungeon Overview and Level Annotations

Branches:
Dungeon (8/15)             Temple (0/1) D:6           Sewer (visited)
   Lair: D:8-11

Altars:
Okawaru
Trog

Shops:
D:5 !   D:6 *   D:7 (=?[

Annotations:
D:6 Harold; Maggie; Menkaure
D:7 2 transporters, 1 runed translucent door, Crazy Yiuf; ciphuk's ghost, novice FeCj


Innate Abilities, Weirdness & Mutations

You have very sharp fingernails.
You are partially covered in rugged brown scales. (AC +1, +3% HP)
You are mostly covered in sharp spines.


Message History

You catch the helpless orc warrior completely off-guard!
You hit the orc warrior but do no damage.
The orc warrior is heavily wounded.
You catch the helpless orc warrior completely off-guard!
You hit the orc warrior.
The orc warrior is heavily wounded.
The orc warrior misses you.
You catch the helpless orc warrior completely off-guard!
You hit the orc warrior but do no damage.
The orc warrior is heavily wounded.
The orc warrior is struck by your spines.
The orc warrior barely misses you.
You catch the helpless orc warrior completely off-guard!
You hit the orc warrior but do no damage.
The orc warrior is severely wounded.
The orc warrior closely misses you.
You hit the orc warrior but do no damage.
The orc warrior is heavily wounded.
You block the orc warrior's attack.
You catch the helpless orc warrior completely off-guard!
You slash the orc warrior!
The orc warrior is almost dead.
The orc warrior hits you with a +2 war axe of electrocution!
You hit the orc warrior but do no damage.
The orc warrior is almost dead.
The orc warrior hits you with a +2 war axe of electrocution!
You catch the helpless orc warrior completely off-guard!
You hit the orc warrior.
The orc warrior is almost dead.
The orc warrior barely misses you.
You riposte.
You hit the orc warrior but do no damage.
The orc warrior is almost dead.
You hit the orc warrior but do no damage.
The orc warrior is almost dead.
The orc warrior hits you with a +2 war axe of electrocution!
* * * LOW HITPOINT WARNING * * *
You are electrocuted!!
* * * LOW HITPOINT WARNING * * *
The orc warrior hits you with a +2 war axe of electrocution.
You die...

#.♣.♣.#.# #♣.♣.♣#.#
#.♣.♣.#.##
#♣.♣.♣#.#.
##+########.♣.♣.#.#.
#...#.....#♣.♣.♣#.#.
♣.[.♣.♣♣♣.♣♣♣.♣♣#.#.
+<8>o.♣ ♣....⌠......
♣..@♣.♣♣♣.♣♣♣.♣♣#...
#.)†#.....#♣.♣.♣#.#.
##+########.♣.♣.#...
.)[ #♣.♣.♣#.#. ♣...♣
#.♣.♣.#... ♣D♣.♣
#♣.♣.♣#.#. ♣. .♣
#.♣.♣.#.#. .y ..
#######.#. ## ##
#...


You could see an orc warrior.

Vanquished Creatures
  Pikel (D:4)
  Duvessa (D:7)
  2 necrophages
  3 ogres
  2 black bears
  A centaur (D:7)
  A lemure (D:3)
  4 bullfrogs
  4 scorpions
  Dowan (D:7)
  2 water moccasin skeletons
  A howler monkey (D:4)
  2 centaur zombies
  3 hounds
  4 jellies
  2 orc priests
  Ijyb (D:3)
  A bullfrog skeleton (D:4)
  A centaur skeleton (D:7)
  2 iguanas
  3 orc wizards
  A killer bee zombie (D:8)
  A hound skeleton (D:4)
  A mummy (D:7)
  2 adders
  2 river rats (D:6)
  6 white imps
  2 ufetubi
  An adder skeleton (D:4)
  3 worms
  5 dart slugs
  17 orcs
  5 endoplasms
  7 giant cockroaches
  7 goblins
  7 hobgoblins
  8 jackals
  8 quokkas
  10 ball pythons
  6 bats
  6 frilled lizards
  A hobgoblin zombie (D:7)
  17 kobolds
  A kobold zombie (D:7)
  2 orc zombies (D:7)
  14 rats
182 creatures vanquished.

Vanquished Creatures (others)
  An orc (D:8)
  6 fungi (D:3)
  18 plants
25 creatures vanquished.

Grand Total: 207 creatures vanquished

Notes
Turn   | Place    | Note
-------+----------+-------------------------------------------
     0 | Abyss:1  | 4FPSwarrior the Demonspawn Abyssal Knight began the quest
                  | for the Orb.
     0 | Abyss:1  | Reached XP level 1. HP: 18/18 MP: 2/2
    87 | Abyss:1  | Found a corrupted altar of Lugonu.
   176 | D:1      | Escaped the Abyss
   303 | D:1      | Gained mutation: You have sharp fingernails. [demonic
                  | ancestry]
   303 | D:1      | Reached XP level 2. HP: 17/24 MP: 3/3
  1384 | D:2      | Gained mutation: You are partially covered in sharp spines.
                  | [demonic ancestry]
  1384 | D:2      | Reached XP level 3. HP: 27/29 MP: 4/4
  1502 | D:2      | Reached * piety under Lugonu
  2847 | D:3      | Found a faded altar of an unknown god.
  2878 | D:3      | Reached XP level 4. HP: 22/37 MP: 6/6
  3109 | D:3      | Reached skill level 1 in Spellcasting
  3109 | D:3      | Reached skill level 3 in Invocations
  3208 | D:3      | Noticed a scorpion
  3283 | D:3      | Gained mutation: You have very sharp fingernails. [demonic
                  | ancestry]
  3283 | D:3      | Reached XP level 5. HP: 30/42 MP: 7/7
  3744 | D:3      | Reached ** piety under Lugonu
  3977 | D:3      | Noticed Ijyb
  3992 | D:3      | Killed Ijyb
  4395 | D:4      | Noticed a necrophage
  4529 | D:4      | Reached skill level 4 in Invocations
  4529 | D:4      | Reached XP level 6. HP: 38/49 MP: 7/9
  4611 | D:4      | Noticed Blork the orc
  4626 | D:4      | Noticed Blork
  4626 | D:4      | Blork the orc changed into Blork the howler monkey
  4657 | D:4      | Killed Blork the howler monkey
  4972 | D:4      | Noticed Pikel
  5186 | D:3      | Reached skill level 5 in Fighting
  5479 | D:3      | Gained mutation: You are mostly covered in sharp spines.
                  | [demonic ancestry]
  5479 | D:3      | Reached XP level 7. HP: 50/56 MP: 9/11
  5543 | D:5      | Entered Level 5 of the Dungeon
  5555 | D:4      | Reached skill level 5 in Invocations
  5804 | D:5      | Found Ymonapse's Distillery.
  5816 | D:5      | Bought a potion of heal wounds for 65 gold pieces
  5816 | D:5      | Bought a potion of lignification for 39 gold pieces
  5944 | D:5      | Found an iron altar of Okawaru.
  6162 | D:5      | Reached skill level 6 in Invocations
  6544 | D:6      | Gained mutation: You are partially covered in rugged brown
                  | scales. (AC +1, +3% HP) [demonic ancestry]
  6544 | D:6      | Reached XP level 8. HP: 47/65 MP: 13/13
  6699 | D:6      | Found Rittun's General Store.
  6744 | D:6      | Reached *** piety under Lugonu
  6745 | D:6      | Reached skill level 5 in Long Blades
  6784 | D:6      | Found a glowing drain.
  6849 | Sewer    | Entered a sewer
  7146 | D:6      | Bought a scroll of amnesia for 38 gold pieces
  7207 | D:6      | Reached skill level 7 in Invocations
  7211 | D:6      | Reached **** piety under Lugonu
  7289 | D:6      | Found a staircase to the Ecumenical Temple.
  7290 | D:6      | Noticed Menkaure
  7292 | D:6      | Noticed Maggie
  7379 | D:7      | Found Wujat's Magic Scroll Emporium.
  7683 | D:7      | Noticed Duvessa
  7683 | D:7      | Noticed Dowan
  7692 | D:7      | Killed Duvessa
  7700 | D:7      | Killed Dowan
  7719 | D:7      | Reached XP level 9. HP: 68/73 MP: 16/16
  7781 | D:7      | Found a transporter.
  7790 | D:7      | Found a transporter.
  7790 | D:7      | Noticed a moth of wrath
  7792 | D:7      | Noticed ciphuk's ghost (novice FeCj)
  7794 | D:7      | Found a bloodstained altar of Trog.
  7814 | D:7      | Reached skill level 5 in Spellcasting
  7859 | D:7      | Found Ratemufou's Armour Shoppe.
  8115 | D:7      | Found Nioton's Jewellery Shop.
  8507 | D:7      | Found Irryo's Weapon Shop.
  8585 | D:7      | Reached skill level 8 in Invocations
  8744 | D:7      | Noticed Harold
  8751 | D:7      | HP: 3/74 [Harold (18)]
  8825 | D:6      | HP: 2/74 [Harold (15)]
  9619 | D:4      | Killed Pikel
  9620 | D:4      | Reached skill level 1 in Shields
  9826 | D:7      | Found a runed translucent door.
  9827 | D:7      | Noticed Crazy Yiuf
 10053 | D:8      | HP: 3/74 [orc warrior (19)]
 10053 | D:8      | Slain by an orc warrior

Illustrated notes

Levels and vault maps discovered:
D:1:      scummos_arrival_simple_crosswalls, layout_basic
D:2:      layout_loops_corners, serial_bayou_ford_a
D:3:      minmay_octagon_keep, layout_loops_corners,
          dreamdust_ecumenical_altar_grove, kennysheep_cross_room,
          minmay_misc_feat_room, uniq_ijyb
D:4:      layout_basic, uniq_blork_the_orc, uniq_pikel
D:5:      layout_rooms, okawaru_trees_1, serial_shops, shop, st_stairs_1,
          serial_bayou_pond_e
D:6:      layout_rooms, minmay_temple_entry_grid, portal_sewer_entry_a,
          serial_shops, nicolae_stop_n_shop_1, grunt_ministairs_9,
          chequers_big_river, kb_rosetta, uniq_eustachio, uniq_maggie,
          uniq_menkaure
D:7:      layout_loops_ring, serial_shops, shop, nicolae_take_the_stairs,
          nicolae_diamond_shop, kennysheep_mini_moat,
          gammafunk_ghost_wrathful_warriors, minmay_mini_ossuary, uniq_duvessa,
          uniq_crazy_yiuf_cottage, uniq_harold
D:8:      nzn_winding_woodlands_stair_cross [nzn_winding_woodlands_5x15_default,
          nzn_winding_woodlands_center_garden,
          nzn_winding_woodlands_5x15_concentric,
          nzn_winding_woodlands_5x5_checkerboard,
          nzn_winding_woodlands_5x5_perimeter, nzn_winding_woodlands_5x15_eye,
          nzn_winding_woodlands_center_diamonds,
          nzn_winding_woodlands_5x15_split_checker], layout_loops_ring,
          erik_lair_orcish_takeover

Skill      XL: |  1  2  3  4  5  6  7  8  9 |
---------------+----------------------------+-----
Long Blades    | 2 3 4 5 6 |  6.2
Fighting       | 4 5 6 7 |  7.3
Spellcasting   | 1 2 3 4 5 |  5.5
Invocations    | 3 4 6 7 8 |  8.4
Shields        | 1 |  1.8
Armour         | |  1.7
Dodging        | |  0.8

Action                   |  1- 3 |  4- 6 |  7- 9 || total
-------------------------+-------+-------+-------++-------
Melee: Falchion          |   128 |   122 |   254 ||   504
       Unarmed           |       |     9 |       ||     9
Throw: Dart              |       |       |     1 ||     1
Invok: Depart the Abyss  |     1 |       |       ||     1
       Bend Space        |       |       |     1 ||     1
       Banish            |       |       |     1 ||     1
Evoke: Wand              |       |     2 |     4 ||     6
  Use: Scroll            |     4 |     1 |     6 ||    11
       Potion            |       |     2 |     6 ||     8
 Stab: Confused          |       |     1 |       ||     1
       Invisible         |       |     3 |    10 ||    13
       Distracted        |       |       |     1 ||     1
       Sleeping          |       |       |     1 ||     1
Armor: Leather armour    |    24 |    49 |    73 ||   146
       Skin              |       |     4 |       ||     4
Dodge: Dodged            |    65 |    60 |    88 ||   213
Block: Other             |       |    13 |    44 ||    57
       Reflection        |       |       |     3 ||     3
       Buckler           |       |       |    24 ||    24
       Rpst.: Falchion   |    16 |    28 |    27 ||    71
